Unix NetHack Version 5.0.0-0 post-release - last build Jun 10 2026 00:39:30 (3ee93aec679c4c4259841fe613dc97188e26a321,branch:main).

Game began 2026-06-11 23:02:01, ended 2026-06-11 23:30:46.

Ch3Begorrah, chaotic male human Rogue

   -------
   |......
   |(....|
   |.d...|
   |.....|
   |{....|
   |.....+
   ---.-.-  #
        #####
           #
           #####
           %   ###
           %    -.-.-
 ------- 0##    |....
 |......##      |...|
 |...>.|        |<..|
 |.....|        |...|
 |.....|        -----
 -------

Ch3Begorrah the Werejackal  St:13 Dx:18 Co:15 In:15 Wi:9 Ch:8  Chaotic
Dlvl:6  $:1065 HP:7(7) Pw:17(17) AC:7  HD:2 T:2107  Overloaded

Latest messages:
 O - a clear potion.
 You climb up the stairs.
 The werejackal summons help!
 A jackal suddenly appears next to you!
 A jackal suddenly appears next to you!
 The werejackal bites!
 You feel feverish.
 It misses the jackal.
 It misses the jackal.
 Please move the cursor to a monster, object or location.
 (For instructions type a '?')
 You miss the werejackal.
 The jackal bites!
 The jackal bites!
 The werejackal bites!
 It bites the jackal.
 It bites the jackal.
 The jackal is killed!
 You miss the werejackal.
 The jackal bites!
 The werejackal bites!
 Your kitten eats a jackal corpse.
 In what direction? u
 You kill the werejackal!
 The jackal bites!
 In what direction? u
 You kill the jackal!
 The jackal bites!
 You kill the jackal!
 The jackal bites!
 You miss the jackal.
 The jackal bites!
 You kill the jackal!
 P - a potion called Golden exp.
 There is nothing here to pick up.
 z - 2 +0 daggers (at the ready) (10 in total).
 What do you want to drink? [GOP or ?*] O
 This tastes like water.
 You kill the coyote!
 R - a wand of digging.
 You see here a coyote corpse.
 Your kitten eats a jackal corpse.
 You turn into a werejackal!
 Your armor falls around you!
 You can't even move a handspan with this load!
 You shrink out of your cloak!
 You drop your gloves and weapon!
 Use the command #monster to summon help.
 Really quit without saving? [yn] (n) y
 Do you want your possessions identified? [ynq] (y) q

Inventory:
 Coins    ('$')
  $ - 1065 gold pieces
 Amulets  ('"')
  g - a cursed amulet of strangulation named cursed
 Weapons  (')')
  b - a +0 dagger
  z - 10 +0 daggers (at the ready)
  Y - a cursed +2 bullwhip
  a - a +0 short sword (alternate weapon; not wielded)
 Comestibles  ('%')
  J - an uncursed slime mold
  i - an uncursed food ration
  W - 2 cursed food rations
 Scrolls  ('?')
  Q - a cursed scroll of enchant weapon named Cursed
  M - an uncursed scroll of scare monster
 Spellbooks  ('+')
  C - an uncursed spellbook of identify
  v - an uncursed spellbook of light
 Potions  ('!')
  G - an uncursed potion of extra healing
  P - an uncursed potion of paralysis
 Rings    ('=')
  F - a blessed +1 ring of gain constitution (on left paw)
  H - an uncursed ring of levitation named ok
  L - a cursed ring of slow digestion
  l - an uncursed ring of sustain ability named ok
 Wands    ('/')
  D - a wand of cold (0:4)
  m - a wand of create monster (0:12)
  r - a wand of digging (0:4)
  R - a wand of digging (0:4)
  U - a cursed wand of undead turning (0:4)
 Tools    ('(')
  f - an uncursed sack containing 15 items
  V - an empty cursed sack
  e - an uncursed lock pick
  t - an uncursed tin whistle
 Gems/Stones  ('*')
  w - an uncursed jet stone
  x - an uncursed obsidian stone
  K - a cursed touchstone

Contents of the sack:
  a cursed scroll of teleportation
  a cursed scroll of enchant armor named cursed
  an uncursed scroll of create monster
  a cursed scroll of charging
  a cursed scroll of destroy armor
  an uncursed scroll of amnesia
  a cursed scroll of blank paper named cursed
  an uncursed scroll of blank paper
  2 cursed scrolls of remove curse
  a cursed potion of object detection
  an uncursed potion of fruit juice
  an uncursed potion of blindness
  a cursed potion of paralysis
  an uncursed potion of sickness
  2 cursed potions of sickness

Ch3Begorrah the Rogue's attributes:

Background:
 You were in male werejackal form.
 You were actually a Cutpurse, a level 5 male human Rogue.
 You were chaotic, nominally on a mission for Kos
 who was opposed by Issek (lawful) and Mog (neutral).
 You were normally right-handed.
 You were in the Dungeons of Doom, on level 6.
 You entered the dungeon 2107 turns ago.
 It was nighttime.

Basics:
 You had all 7 hit points.
 You had all 17 energy points (spell power).
 You had 2 hit dice.
 Your armor class was 7.
 Your wallet contained 1065 zorkmids.
 Autopickup was on for '$!/(' plus thrown, with exceptions.

Final Characteristics:
 Your strength was 13.
 Your dexterity was 18.
 Your constitution was 15.
 Your intelligence was 15.
 Your wisdom was 9.
 Your charisma was 8.

Final Status:
 You were transformed.
 You weren't hungry.
 You were overloaded; movement was not possible.
 You weren't wielding anything.
 You were unskilled in bare handed combat.
 You weren't wearing any armor.

Final Attributes:
 You were piously aligned.
 You were poison resistant.
 You were level-drain resistant.
 You were stealthy.
 You regenerated.
 You were a werejackal in beast form.
 You were harmed by silver.
 You survived.

Miscellaneous:
 You encountered 1 bones level.
 Total elapsed playing time was 28 minutes and 45 seconds.

Major events:
 Turn
    1: Ch3Begorrah the chaotic male human Rogue entered the dungeon
  243: attained the rank of Cutpurse (level 3)
 1120: entered the Gnomish Mines
 2107: quit

You didn't know any spells.

Skills:
 Fighting Skills
   bare handed combat [Unskilled]
   two weapon combat  [Unskilled]
   riding             [Unskilled]
 Weapon Skills
   dagger             [Basic]
   knife              [Unskilled]
   short sword        [Basic]
   broadsword         [Unskilled]
   long sword         [Unskilled]
   two-handed sword   [Unskilled]
   saber              [Unskilled]
   club               [Unskilled]
   mace               [Unskilled]
   morning star       [Unskilled]
   flail              [Unskilled]
   hammer             [Unskilled]
   polearms           [Unskilled]
   spear              [Unskilled]
   crossbow           [Unskilled]
   dart               [Unskilled]
   shuriken           [Unskilled]
 Spellcasting Skills
   divination spells  [Unskilled]
   escape spells      [Unskilled]
   matter spells      [Unskilled]

Voluntary challenges:
 Character rerolling was not enabled.
 You followed a strict vegan diet.
 You were an atheist.
 You never genocided any monsters.
 You never polymorphed an object.
 You used no wishes.
Achievements:
 You attained the rank of Cutpurse.
 You entered the Gnomish Mines.
 You entered a shop.

 The Dungeons of Doom: levels 1 to 7
    Level 1:
    Level 2:
       A general store, some fountains.
       Stairs down to The Gnomish Mines.
    Level 3:
       A grave.
    Level 4:
       Final resting place for
          Madleen-Arc-Hum-Mal-Neu, killed by a rabid rat.
    Level 5:
       A general store, a sink.
    Level 6: <- You were here.
       A fountain.
    Level 7:
 The Gnomish Mines:
    Level 3:


Vanquished creatures:
  a ghost
  a dingo
  9 fog clouds
  a yellow light
  a floating eye
  a rothe
  a rabid rat
  a centipede
  a werejackal
 an iguana
  a coyote
  a cave spider
  4 jackals
  a kobold
  a goblin
  a sewer rat
  a grid bug
  a lichen
  a kobold zombie
  2 newts
32 creatures vanquished.

No species were genocided or became extinct.

Goodbye Ch3Begorrah the Rogue...

You quit in The Dungeons of Doom on dungeon level 6 with 2489 points,
and 1065 pieces of gold, after 2107 moves.
You were level 5 with a maximum of 36 hit points when you quit.

